 Dungeon Crawl Stone Soup version 0.21-a0-24-ga372141 (webtiles) character file.

1088 Lexie the Magician (level 8, -1/54 HPs)
             Began as an Octopode Wizard on May 25, 2017.
             Slain by an ogre
             ... wielding a +0 giant club
              (26 damage)
             ... on level 6 of the Dungeon.
             The game lasted 00:11:41 (8943 turns).

Lexie the Magician (Octopode Wizard)                Turns: 8943, Time: 00:11:41

Health: -1/54      AC:  1    Str:  6      XL:     8   Next: 30%
Magic:  22/25      EV: 13    Int: 22      God:
Gold:   322        SH:  0    Dex:  9 (11) Spells: 9/18 levels left

rFire    . . .     SeeInvis .   t - staff of earth
rCold    . . .     Gourm    .   (no shield)
rNeg     . . .     Faith    .   a - +0 hat
rPois    +         Spirit   .   (no amulet)
rElec    .         Reflect  .   r - ring of poison resistance
rCorr    .         Harm     .   x - ring of flight
MR       .....                  D - ring of magical power
Stlth    +++.......             (no ring)
Regen    0.2/turn               (no ring)
MPRegen  0.2/turn               (no ring)
                                (no ring)
                                (no ring)

@: no status effects
A: almost no armour, stealthy swim, amphibious, 8 rings, constrict 8, camouflage
1, gelatinous body 1
a: Evoke Flight


You were on level 6 of the Dungeon.
You were hungry.

You visited 1 branch of the dungeon, and saw 6 of its levels.

You collected 322 gold pieces.

Inventory:

Hand Weapons
 v - a +0 blowgun
 G - a +0 dagger
Missiles
 w - 12 poisoned needles
Armour
 a - a +0 hat (worn)
Magical Staves
 t - an uncursed staff of earth (weapon)
Jewellery
 r - a ring of poison resistance (left tentacle)
 x - a ring of flight (right tentacle)
 D - a ring of magical power (on tentacle)
Wands
 y - a wand of paralysis (8/24)
 A - a wand of confusion (15/48)
Scrolls
 e - a scroll of noise {unknown}
 f - a scroll of fear {unknown}
 g - 2 scrolls of remove curse {unknown}
 i - 2 scrolls of magic mapping {unknown}
 j - 2 scrolls of enchant weapon {unknown}
 k - 2 scrolls of identify {unknown}
 l - 2 scrolls of fog {unknown}
 m - 2 scrolls of random uselessness {unknown}
 q - a scroll of amnesia {unknown}
 u - a scroll of recharging {unknown}
 C - a scroll of immolation {unknown}
 E - a scroll of blinking {unknown}
Potions
 n - 3 potions of curing {unknown}
 o - a potion of might {unknown}
 p - a potion of flight {unknown}
 s - 2 potions of lignification {unknown}
 B - a potion of haste {unknown}
Books
 b - a book of Minor Magic

   Spells                             Type                      Level
   a - Magic Dart                     Conjuration                  1
   b - Blink                          Translocation                2
   c - Call Imp                       Summoning                    2
   d - Slow                           Hexes                        2
   e - Conjure Flame                  Conjuration/Fire             3
   f - Mephitic Cloud                 Conjuration/Poison/Air       3
Comestibles
 c - 4 bread rations
 d - 6 meat rations
 h - 2 royal jellies
 z - 3 fruits
 F - 3 chunks of flesh


   Skills:
 + Level 4.4 Fighting
 - Level 2.3 Dodging
 - Level 3.2 Stealth
 - Level 0.2 Unarmed Combat
 + Level 5.8 Spellcasting
 + Level 5.3 Conjurations
   Level 1.0 Summonings
 - Level 1.0 Translocations
 - Level 2.4 Poison Magic


You had 9 spell levels left.
You knew the following spells:

 Your Spells              Type           Power        Failure   Level  Hunger
a - Magic Dart            Conj           ####         1%          1    None
b - Blink                 Tloc           N/A          10%         2    None
c - Conjure Flame         Conj/Fire      ###.....     10%         3    ##.....
d - Mephitic Cloud        Conj/Pois/Air  ###.....     10%         3    ##.....


Dungeon Overview and Level Annotations

Branches:
Dungeon (6/15)
 Temple: D:4-7

Altars:
Dithmenos
Makhleb
Okawaru
Qazlal
Sif Muna
Xom


Innate Abilities, Weirdness & Mutations

You cannot wear most types of armour.
You are very stealthy in the water. (Stealth+)
You are amphibious.
You can wear up to eight rings at the same time.
You can use your tentacles to constrict eight enemies at once.
Your skin changes colour to match your surroundings (Stealth+).
Your rubbery body absorbs attacks. (AC +1, EV +1)


Message History

The orc warrior hits you with a hand axe!!
The quasit misses you. The quasit claws you. The quasit closely misses you.
The bullfrog hits you. The ogre misses you. The orc warrior barely misses you.
The quasit bites you. The quasit misses you. x2
There is a stone staircase leading up, spattered with blood here.
Casting: Magic Dart
Confirm with . or Enter, or press ? or * to list all spells.
Aiming: Mephitic Cloud
Press: ? - help, Shift-Dir - straight line, f - orc warrior
Aim: an orc warrior, wielding a hand axe and wearing a chain mail The ball explodes into a vile cloud!
The stinking cloud engulfs the orc warrior.
The stinking cloud engulfs the bullfrog.
The stinking cloud engulfs the ogre.
The stinking cloud engulfs you!
The stinking cloud engulfs the quasit.
The quasit appears unharmed.
You are feeling hungry.
The bullfrog barely misses you. The quasit closely misses you.
The quasit claws you. x2; The ogre is engulfed in noxious fumes.
The ogre hits you with a giant club!!
You die...

#.##......######
#...............
#####....######
##.........##
####.......#...##.
...........o......#
###..§§§o.#...####
##.Oo§.###.##
##F@5## .# ##.## .#
### ..


You could see an orc warrior, an ogre, a bullfrog, a quasit and 2 orcs.

Vanquished Creatures
  2 ogres (D:4)
  A scorpion (D:5)
  A bullfrog zombie (D:5)
  A bullfrog skeleton (D:4)
  A centaur skeleton (D:5)
  3 hounds
  An orc wizard (D:4)
  2 gnoll shamans (D:4)
  An iguana (D:4)
  2 worker ants (D:4)
  10 adders
  28 gnolls (D:4)
  2 oozes
  An adder skeleton (D:5)
  An adder zombie (D:5)
  A worm (D:2)
  5 dart slugs
  6 leopard geckos
  8 orcs
  3 giant cockroaches
  4 goblins
  7 hobgoblins
  25 jackals
  10 kobolds
  7 quokkas
  3 ball pythons
  14 bats
  4 frilled lizards
  A giant cockroach zombie (D:5)
  A leopard gecko zombie (D:5)
  5 rats
161 creatures vanquished.

Notes
Turn   | Place    | Note
-------+----------+-------------------------------------------
     0 | D:1      | Lexie the Octopode Wizard began the quest for the Orb.
     0 | D:1      | Reached XP level 1. HP: 11/11 MP: 4/4
   273 | D:1      | Reached XP level 2. HP: 12/17 MP: 1/6
   794 | D:1      | Reached XP level 3. HP: 21/21 MP: 1/8
  1818 | D:2      | Reached XP level 4. HP: 23/27 MP: 0/9
  2255 | D:2      | Found a burning altar of Makhleb.
  2512 | D:2      | Found a shadowy altar of Dithmenos.
  2512 | D:2      | Found a deep blue altar of Sif Muna.
  2636 | D:3      | Learned a level 2 spell: Blink
  2640 | D:3      | Learned a level 3 spell: Conjure Flame
  2688 | D:3      | Learned a level 3 spell: Mephitic Cloud
  3065 | D:3      | Reached XP level 5. HP: 30/32 MP: 4/11
  3275 | D:3      | Found a stormy altar of Qazlal.
  3560 | D:3      | Found a shimmering altar of Xom.
  3588 | D:3      | Found a faded altar of an unknown god.
  3959 | D:4      | Reached skill level 1 in Fighting
  4504 | D:4      | Reached XP level 6. HP: 36/38 MP: 0/12
  5464 | D:4      | Reached skill level 5 in Spellcasting
  5629 | D:4      | Reached XP level 7. HP: 34/45 MP: 6/14
  7063 | D:4      | Reached skill level 1 in Poison Magic
  7339 | D:4      | Reached skill level 5 in Conjurations
  7339 | D:4      | Reached XP level 8. HP: 39/54 MP: 9/16
  7622 | D:5      | Entered Level 5 of the Dungeon
  8660 | D:5      | Found an iron altar of Okawaru.
  8943 | D:6      | Slain by an ogre

Vault maps used:
D:1:      dpeg_arrival_connections, serial_glass, glass_columns_b,
          glass_columns_b, glass_columns_b, glass_columns_a, glass_columns_b,
          minmay_heptomino_o4
D:2:      old_standard_altar, gammafunk_temple_overflow_wave
D:3:      brannock_xom_greatest_gift, chequers_ecumenical_altar_simple,
          first_bread, nicolae_qazlal_eye_of_the_storm
D:4:      lemuel_castle_with_subvaults, serial_park
D:5:      kennysheep_mini, dk_rats_in_the_wall
D:6:      minmay_temple_entry_nine_rooms, minmay_misc_feat_five,
          grunt_ministairs_9

Skill      XL: |  1  2  3  4  5  6  7  8 |
---------------+-------------------------+-----
Stealth        | 3 |  3.2
Conjurations   | 2 3 5 |  5.3
Spellcasting   | 4 5 |  5.8
Fighting       | 1 2 3 4 |  4.4
Poison Magic   | 1 2 |  2.4
Dodging        | |  2.3
Unarmed Combat | |  0.2
Summonings     | |  1.0
Translocations | |  1.0

Action                   |  1- 3 |  4- 6 |  7- 9 || total
-------------------------+-------+-------+-------++-------
Melee: Unarmed           |    25 |    32 |    16 ||    73
       Constrict         |     4 |     6 |     3 ||    13
       Tentacles         |     1 |     2 |     1 ||     4
 Cast: Magic Dart        |    94 |   239 |   215 ||   548
       Mephitic Cloud    |       |     3 |     6 ||     9
       Blink             |       |       |     2 ||     2
 Stab: Confused          |       |     1 |       ||     1
  Eat: Chunk             |     3 |    11 |    10 ||    24
Armor: Skin              |     3 |     1 |       ||     4
Dodge: Dodged            |    38 |    46 |    43 ||   127
